 Dungeon Crawl Stone Soup version 0.23-b1-84-g6588a6b (webtiles) character file.

Game seed: 10614660909099350898

564 Folque the Magician (level 7, -2/55 HPs)
             Began as a Black Draconian Earth Elementalist on Feb 7, 2019.
             Killed themself with a bounced orb of electricity (4 damage)
             ... on level 5 of the Dungeon.
             The game lasted 00:14:34 (4118 turns).

Folque the Magician (DrEE)                          Turns: 4118, Time: 00:14:36

Health: -2/55      AC: 11    Str: 19    XL:     7   Next: 10%
Magic:  14/14      EV: 11    Int: 18    God:
Gold:   229        SH:  0    Dex: 11    Spells: 1/16 levels left

rFire    . . .     SeeInvis .   q - +9 hand axe "Nounioq" {vamp, Fragile Str+4 Stlth+}
rCold    . . .     Gourm    .   (no shield)
rNeg     . . .     Faith    .   (armour unavailable)
rPois    .         Spirit   .   (helmet restricted)
rElec    +         Reflect  .   t - +4 cloak of Visercha {Str+5}
rCorr    .         Harm     .   (no gloves)
MR       .....                  (no boots)
Stlth    ++........             (no amulet)
HPRegen  0.18/turn              (no ring)
MPRegen  0.14/turn              (no ring)

@: drained
A: breathe lightning, unfitting armour, electricity resistance, cold-blooded, AC
+6
a: Breathe Lightning


You were on level 5 of the Dungeon.
You were hungry.

You visited 1 branch of the dungeon, and saw 5 of its levels.

You collected 229 gold pieces.

Inventory:

Hand Weapons
 d - a +0 dagger
 k - a +1 war axe of draining
 q - the +9 hand axe "Nounioq" (weapon) {vamp, Fragile Str+4 Stlth+}
   (You found it on level 4 of the Dungeon)

   It inflicts no extra harm, but heals its wielder when it wounds a living foe.
   It affects your strength (+4).
   It will be destroyed if unequipped.
   It makes you more stealthy.
Missiles
 b - 115 stones (quivered)
Armour
 t - the +4 cloak of Visercha (worn) {Str+5}
   (You found it on level 4 of the Dungeon)

   It affects your strength (+5).
Jewellery
 o - an uncursed amulet of rage {unknown}
Scrolls
 f - a scroll of remove curse
 j - a scroll of fog
 p - a scroll of teleportation {unknown}
 s - a scroll of enchant weapon
 v - a scroll of identify
Potions
 i - 4 potions of curing
 l - 2 potions of flight
 m - 2 potions of heal wounds {unknown}
 n - a potion of lignification {unknown}
 r - a potion of degeneration {unknown}
 u - a potion of cancellation {unknown}
Comestibles
 c - 10 rations
 g - a chunk of flesh


   Skills:
 - Level 2.0(1.2) Fighting
 - Level 1.7(1.0) Dodging
 - Level 1.7(1.0) Stealth
 - Level 5.1(4.3) Spellcasting
 + Level 1.7(0.9) Conjurations
 * Level 2.2(1.4) Transmutations
 + Level 4.2(3.4) Earth Magic


You had one spell level left.
You knew the following spells:

 Your Spells              Type           Power        Failure   Level  Hunger
a - Sandblast             Erth           ###...       3%          1    None
b - Passwall              Tmut/Erth      ##......     8%          2    ##.....
c - Stone Arrow           Conj/Erth      ##....       17%         3    ###....
d - Lee's Rapid Deconstr  Erth           ###.......   67%         5    ######.
e - Petrify               Tmut/Erth      ##......     45%         4    ####...

Your spell library contained the following spells:

 Spells                   Type           Power        Failure   Level  Hunger


Dungeon Overview and Level Annotations

Branches:
Dungeon (5/15)
 Temple: D:4-7

Altars:
Uskayaw
Vehumet

Annotations:
D:3 Purgy
D:5 strongu's ghost, novice OpGl


Innate Abilities, Weirdness & Mutations

You can breathe wild blasts of lightning.
Your glossy black scales are hard. (AC +6)
You cannot fit into any form of body armour.
You are resistant to electric shocks. (rElec)
You are cold-blooded and may be slowed by cold attacks.


Message History

* * * LOW HITPOINT WARNING * * *
As you read the scroll labeled UNEUMA ROGHERAGHA, it crumbles to dust.
You assume a fearsome visage.
Strongu's ghost is unaffected.
It was a scroll of fear.
Strongu's ghost hits you but does no damage.
As you read the scroll labeled GUGUFID AJESA, it crumbles to dust.
It is a scroll of enchant armour.
You aren't carrying any armour which can be enchanted further.
Strongu's ghost closely misses you.
Okay, then.
You fail to use your ability.
Strongu's ghost hits you but does no damage.
You breathe a wild blast of lightning!
The orb of electricity explodes!
The orb of electricity engulfs you! You resist.
* * * LOW HITPOINT WARNING * * *
The orb of electricity engulfs strongu's ghost!
Strongu's ghost is lightly damaged.
The orb of electricity explodes!
The orb of electricity engulfs you. You resist.
You die...

#.....#...#
#....
##'####'###
#....
#....#....#
#....
#....#....#
###'#
##...#....#
#....
######§§..#
#....
#..§§#§...#
#....
#..§§§#####
#....
##§@W§#
#....
######
#.... #....
#.... #....
#.... #....
#.... #....


You could see strongu's ghost.

Vanquished Creatures
  An ogre (D:4)
  A scorpion (D:5)
  A wight (D:5)
  A howler monkey (D:4)
  A bullfrog skeleton (D:5)
  2 iguanas (D:4)
  An orc wizard (D:3)
  3 worker ants (D:4)
  A killer bee zombie (D:5)
  5 adders
  3 oozes
  2 worms
  3 dart slugs
  7 leopard geckos
  4 orcs
  A ball python (D:3)
  3 giant cockroaches
  8 goblins
  5 hobgoblins
  A jackal (D:4)
  3 quokkas
  13 bats
  2 frilled lizards
  11 kobolds
  8 rats
91 creatures vanquished.

Notes
Turn   | Place    | Note
-------+----------+-------------------------------------------
     0 | D:1      | Folque the Draconian Earth Elementalist began the quest for
                  | the Orb.
     0 | D:1      | Reached XP level 1. HP: 14/14 MP: 3/3
    67 | D:1      | Reached skill level 1 in Fighting
   380 | D:1      | Reached XP level 2. HP: 23/23 MP: 5/5
   795 | D:1      | Reached XP level 3. HP: 29/29 MP: 6/6
   802 | D:1      | Learned a level 2 spell: Passwall
   806 | D:1      | Learned a level 3 spell: Stone Arrow
  1227 | D:2      | Found a hide-covered altar of Uskayaw.
  1588 | D:3      | Reached skill level 3 in Spellcasting
  1640 | D:3      | Reached XP level 4. HP: 36/36 MP: 4/8
  1721 | D:3      | Noticed Purgy
  2021 | D:3      | Reached skill level 1 in Conjurations
  2397 | D:3      | Reached XP level 5. HP: 34/41 MP: 1/10
  2698 | D:4      | Found a radiant altar of Vehumet.
  2700 | D:4      | Noticed an ogre
  2702 | D:4      | Reached skill level 4 in Spellcasting
  2718 | D:4      | Killed an ogre
  2718 | D:4      | Reached XP level 6. HP: 27/48 MP: 0/13
  2725 | D:4      | Learned a level 5 spell: Lee's Rapid Deconstruction
  2902 | D:4      | Got a bloodstained hand axe
  2903 | D:4      | Identified the +9 hand axe "Nounioq" {vamp, Fragile Str+4
                  | Stlth+} (You found it on level 4 of the Dungeon)
  3070 | D:4      | Reached skill level 5 in Spellcasting
  3211 | D:4      | Got a pitted cloak
  3212 | D:4      | Identified the +4 cloak of Visercha {Str+5} (You found it
                  | on level 4 of the Dungeon)
  3843 | D:4      | Learned a level 4 spell: Petrify
  3867 | D:5      | Entered Level 5 of the Dungeon
  4005 | D:5      | Reached skill level 5 in Earth Magic
  4053 | D:5      | Found a runed translucent door.
  4056 | D:5      | Noticed strongu's ghost (novice OpGl)
  4066 | D:5      | Your scales start taking on a glossy black colour.
  4066 | D:5      | Reached XP level 7. HP: 40/55 MP: 14/14
  4066 | D:5      | Gained mutation: You are resistant to electric shocks.
                  | (rElec) [Black Draconian growth]
  4118 | D:5      | HP: 2/55 [bounced beam (11)]
  4118 | D:5      | Killed themself with a bounced orb of electricity

Skill      XL: |  1  2  3  4  5  6  7 |
---------------+----------------------+-----
Fighting       | 1 2 |  2.0
Spellcasting   | 3 4 5 |  5.1
Conjurations   | 1 |  1.7
Earth Magic    | 4 4 |  4.2
Transmutations | 2 |  2.2
Dodging        | |  1.7
Stealth        | |  1.7

Action                   |  1- 3 |  4- 6 |  7- 9 || total
-------------------------+-------+-------+-------++-------
Melee: Unarmed           |    19 |       |       ||    19
       Tailslap          |     6 |    12 |       ||    18
       Dagger            |   164 |    84 |       ||   248
       War axe           |       |    21 |       ||    21
       Hand axe          |       |    28 |     5 ||    33
 Cast: Sandblast         |     9 |    16 |       ||    25
       Stone Arrow       |     5 |    15 |     2 ||    22
  Use: Scroll            |       |     5 |     6 ||    11
       Potion            |       |     2 |     3 ||     5
 Stab: Sleeping          |     1 |     4 |       ||     5
  Eat: Chunk             |     3 |     7 |       ||    10
       Ration            |       |     2 |       ||     2
Armor: Skin              |    87 |    46 |     3 ||   136
Dodge: Dodged            |   152 |   102 |     5 ||   259
